[Event "DVM U10 2019"]
[Site "Magedburg"]
[Date "2019.12.28"]
[Round "4"]
[White "Ermitsch, Magnus"]
[Black "Klaska, Philipp Leon"]
[Result "1-0"]
[ECO "B43"]
[WhiteElo "1887"]
[BlackElo "1531"]
[Annotator "NA"]
[PlyCount "45"]
[EventDate "2019.12.27"]
[EventType "team-tourn"]
[EventRounds "7"]
[EventCountry "GER"]
[SourceTitle "playchess.com"]
[Source "ChessBase"]
[SourceQuality "1"]
[TimeControl "3300+5"]

1. e4 c5 2. Nf3 e6 3. d4 cxd4 4. Nxd4 a6 5. Nc3 Qc7 6. a3 b5 7. Be3 Bb7 8. Bd3 Nf6 9. O-O Be7 10. f4 Nc6 11. Kh1 Rc8 12. Qe1 Na5 13. Qe2 Nc4 14. Ndxb5 axb5 15. Nxb5 Qb8 16. Bxc4 Bxe4 17. Bd3 Bxd3 18. Qxd3 Nd5 19. Rae1 O-O 20. c4 Nxe3 21. Rxe3 Rfd8 22. b4 Qb6 23. Rg3 {[%emt 0:01:27] normal} 1-0

[Event "DVM U10 2019"]
[Site "Magedburg"]
[Date "2019.12.28"]
[Round "4"]
[White "Sauer, Tim"]
[Black "Fietz, Nils"]
[Result "1-0"]
[ECO "A22"]
[WhiteElo "1691"]
[BlackElo "1437"]
[Annotator "NA"]
[PlyCount "51"]
[EventDate "2019.12.27"]
[EventType "team-tourn"]
[EventRounds "7"]
[EventCountry "GER"]
[SourceTitle "playchess.com"]
[Source "ChessBase"]
[SourceQuality "1"]
[TimeControl "3300+5"]

1. c4 e5 2. Nc3 Nf6 3. g3 c6 4. d4 exd4 5. Qxd4 d5 6. Bg5 Be7 7. Bg2 dxc4 8. Qxc4 Be6 9. Qa4 O-O 10. Nf3 Qb6 11. Qc2 Na6 12. Rd1 Nb4 13. Qb1 Qa5 14. a3 Na2 15. Bd2 Nxc3 16. Bxc3 Qb6 17. Ng5 g6 18. Nxe6 fxe6 19. O-O Nd5 20. Bd4 Bc5 21. Bxc5 Qxc5 22. b4 Qb6 23. Qe4 Rae8 24. Bh3 Rf6 25. Qe5 Kf7 26. e4 {[%emt 0:00:49] normal} 1-0

[Event "DVM U10 2019"]
[Site "Magedburg"]
[Date "2019.12.28"]
[Round "4"]
[White "Goldmann, David"]
[Black "Haubold, Sebastian Marcel"]
[Result "0-1"]
[ECO "C68"]
[WhiteElo "1594"]
[BlackElo "1613"]
[Annotator "NA"]
[PlyCount "86"]
[EventDate "2019.12.27"]
[EventType "team-tourn"]
[EventRounds "7"]
[EventCountry "GER"]
[SourceTitle "playchess.com"]
[Source "ChessBase"]
[SourceQuality "1"]
[TimeControl "3300+5"]

1. e4 e5 2. Nf3 Nc6 3. Bb5 a6 4. Bxc6 dxc6 5. O-O Bd6 6. d4 Bg4 7. dxe5 Bxf3 8. Qxf3 Bxe5 9. Qb3 b6 10. c3 Ne7 11. Be3 Ng6 12. Nd2 O-O 13. Rad1 Qe7 14. f4 Bd6 15. Qc4 Qe8 16. e5 Be7 17. Qe4 f5 18. Qc4+ Kh8 19. Nb3 c5 20. Qe2 Qc6 21. g3 a5 22. Nc1 b5 23. Qf2 b4 24. c4 a4 25. Qg2 Qa6 26. h4 Rfd8 27. b3 axb3 28. axb3 Nf8 29. Qc2 Qg6 30. Qg2 Qg4 31. Rd3 Ne6 32. Rfd1 Rxd3 33. Qxa8+ Rd8 34. Rxd8+ Nxd8 35. Kh2 Qd1 36. Bxc5 Bxc5 37. e6 Be7 38. Qa4 c6 39. Na2 Qe2+ 40. Kh3 Qf1+ 41. Kh2 Qf2+ 42. Kh3 Qg1 43. g4 fxg4# {[%emt 0:00:11] normal} 0-1

[Event "DVM U10 2019"]
[Site "Magedburg"]
[Date "2019.12.28"]
[Round "4"]
[White "Xue, Luka"]
[Black "Torosyan, Bagrat"]
[Result "1-0"]
[ECO "E92"]
[WhiteElo "1529"]
[BlackElo "1613"]
[Annotator "NA"]
[PlyCount "111"]
[EventDate "2019.12.27"]
[EventType "team-tourn"]
[EventRounds "7"]
[EventCountry "GER"]
[SourceTitle "playchess.com"]
[Source "ChessBase"]
[SourceQuality "1"]
[TimeControl "3300+5"]

1. d4 Nf6 2. c4 g6 3. Nc3 Bg7 4. e4 d6 5. Nf3 O-O 6. Be2 e5 7. dxe5 dxe5 8. Qxd8 Rxd8 9. Bg5 c6 10. O-O Bg4 11. Rad1 Nbd7 12. h3 Bxf3 13. Bxf3 h6 14. Be3 Bf8 15. Rd2 Nc5 16. Rfd1 Rxd2 17. Rxd2 h5 18. Bg5 Kg7 19. a3 Nb3 20. Rd3 Nd4 21. Ne2 Nxf3+ 22. gxf3 a5 23. Nc1 b5 24. cxb5 cxb5 25. Bxf6+ Kxf6 26. Rd5 b4 27. a4 b3 28. Nd3 Rc8 29. h4 Rc2 30. Rxa5 Bh6 31. Ra6+ Kg7 32. Rb6 Rc4 33. a5 Ra4 34. a6 Ra1+ 35. Kg2 Bf4 36. Nc5 g5 37. Nxb3 Ra2 38. Nc5 gxh4 39. Rb7 Kg6 40. Nd3 Rxa6 41. b4 Ra1 42. b5 Rb1 43. b6 f6 44. Nc5 Bc1 45. Rb8 Ba3 46. Nd7 Kg7 47. Rb7 Be7 48. Nxe5 fxe5 49. Rxe7+ Kf6 50. Rh7 Kg6 51. Rb7 Kf6 52. Rb8 Ke7 53. b7 Kd7 54. Rh8 Kc7 55. b8=Q+ {[%emt 0:00:00] Rb4 Qb7+ Rxb7} Rxb8 56. Rxb8 {[%emt 0:01:19] normal Kh3} 1-0

[Event "DVM U10 2019"]
[Site "Magedburg"]
[Date "2019.12.28"]
[Round "4"]
[White "Haubold, Christian Lucas"]
[Black "Wartenberg, Alissa"]
[Result "1/2-1/2"]
[ECO "C50"]
[WhiteElo "1471"]
[BlackElo "1361"]
[Annotator "NA"]
[PlyCount "69"]
[EventDate "2019.12.27"]
[EventType "team-tourn"]
[EventRounds "7"]
[EventCountry "GER"]
[SourceTitle "playchess.com"]
[Source "ChessBase"]
[SourceQuality "1"]
[TimeControl "3300+5"]

1. e4 e5 2. Nf3 Nc6 3. Bc4 Nf6 4. d3 Bc5 5. O-O d6 6. c3 Bg4 7. h3 Bh5 8. Bg5 Qe7 9. Nbd2 a6 10. a4 Ba7 11. Qc2 h6 12. Bh4 O-O 13. b4 Nb8 14. Rfe1 Nbd7 15. d4 Rfe8 16. Bd3 Rad8 17. Rab1 Nf8 18. b5 a5 19. Kh2 Bg6 20. Bg3 exd4 21. cxd4 Bh7 22. Rbc1 Bb6 23. Qc3 Ng6 24. Nc4 Rc8 25. Nfd2 Qd7 26. Nxb6 cxb6 27. Qa3 d5 28. e5 Nh5 29. Rf1 Nhf4 30. Bxf4 Nxf4 31. Bxh7+ Kxh7 32. Qf3 Ne6 33. Nb3 Kg8 34. Kh1 Ng5 35. Qe2 {[%emt 0:01:01] normal} 1/2-1/2

[Event "DVM U10 2019"]
[Site "Magedburg"]
[Date "2019.12.28"]
[Round "4"]
[White "Zobel, Christian"]
[Black "Dordevic, Tom"]
[Result "1-0"]
[ECO "B20"]
[WhiteElo "1450"]
[BlackElo "1346"]
[Annotator "NA"]
[PlyCount "96"]
[EventDate "2019.12.27"]
[EventType "team-tourn"]
[EventRounds "7"]
[EventCountry "GER"]
[SourceTitle "playchess.com"]
[Source "ChessBase"]
[SourceQuality "1"]
[TimeControl "3300+5"]

1. e4 c5 2. Bc4 e6 3. Qe2 Nc6 4. c3 a6 5. Nf3 d6 6. d3 Nf6 7. O-O Be7 8. Nbd2 O-O 9. Re1 b5 10. Bb3 Bb7 11. Nf1 Rc8 12. Ng3 Qd7 13. Bf4 Rfd8 14. Rad1 h6 15. d4 c4 16. Bc2 d5 17. e5 Nh7 18. Qd2 Bf8 19. Nh5 Qe7 20. Bxh7+ Kxh7 21. Bxh6 g6 22. Bg5 Qc7 23. Bxd8 Qxd8 24. Nf6+ Kg7 25. h4 Be7 26. Ng4 Qh8 27. g3 Qh5 28. Qf4 Rh8 29. Nf6 Qf5 30. Qxf5 gxf5 31. b3 cxb3 32. axb3 Bxf6 33. exf6+ Kxf6 34. Rb1 b4 35. cxb4 Nxb4 36. Rec1 Bc6 37. Ne5 Bb5 38. Rc7 Rh7 39. Kg2 Nd3 40. Nxd3 Bxd3 41. Rbc1 f4 42. Kf3 fxg3 43. fxg3 Bb5 44. Rh1 Bd3 45. Kf4 Rh6 46. g4 Kg7 47. g5 Rh5 48. Rh2 Kg6 {[%emt 0:01:05] normal} 1-0

[Event "DVM U10 2019"]
[Site "Magedburg"]
[Date "2019.12.28"]
[Round "4"]
[White "Dorendorf, Mika"]
[Black "Goldschmidt, Jakob"]
[Result "1-0"]
[ECO "A22"]
[WhiteElo "1424"]
[BlackElo "1132"]
[Annotator "NA"]
[PlyCount "85"]
[EventDate "2019.12.27"]
[EventType "team-tourn"]
[EventRounds "7"]
[EventCountry "GER"]
[SourceTitle "playchess.com"]
[Source "ChessBase"]
[SourceQuality "1"]
[TimeControl "3300+5"]

1. c4 e5 2. Nc3 Nf6 3. g3 Bc5 4. a3 Nc6 5. b4 Bb6 6. c5 Bxc5 7. bxc5 O-O 8. Bg2 d6 9. cxd6 cxd6 10. d3 Be6 11. Nf3 Qe7 12. Ng5 Nd4 13. Nxe6 Nxe6 14. Nd5 Nxd5 15. Bxd5 Nd4 16. Bb2 Nb5 17. a4 Nc7 18. Bg2 Qf6 19. O-O Ne6 20. f4 Qh6 21. fxe5 dxe5 22. Qc1 Qh5 23. Bf3 Qh3 24. Bxb7 Rab8 25. Bg2 Qh5 26. Ba3 Rfc8 27. Qd2 Nd4 28. Bf3 Qh3 29. Rac1 Rxc1 30. Rxc1 h6 31. Qe1 Rf8 32. Bxf8 Kxf8 33. Qb4+ Kg8 34. Qb8+ Kh7 35. Qxe5 Nb3 36. Be4+ g6 37. Rf1 f5 38. Qe7+ Kh8 39. Bd5 h5 40. Qf7 Qxf1+ 41. Kxf1 Nd2+ 42. Kg2 Nf3 43. Qg8# {[%emt 0:00:12] normal} 1-0

[Event "DVM U10 2019"]
[Site "Magedburg"]
[Date "2019.12.28"]
[Round "4"]
[White "Bangiev, Katharina"]
[Black "Wendrich, Finn"]
[Result "1-0"]
[ECO "C42"]
[WhiteElo "1239"]
[BlackElo "1173"]
[Annotator "NA"]
[PlyCount "79"]
[EventDate "2019.12.27"]
[EventType "team-tourn"]
[EventRounds "7"]
[EventCountry "GER"]
[SourceTitle "playchess.com"]
[Source "ChessBase"]
[SourceQuality "1"]
[TimeControl "3300+5"]

1. e4 e5 2. Nf3 Nf6 3. Nxe5 d6 4. Nf3 Nxe4 5. d3 Nf6 6. g3 Be7 7. Bg2 O-O 8. O-O Nc6 9. Nc3 d5 10. d4 Bf5 11. Bg5 Qd7 12. Nh4 Be6 13. Bxf6 Bxf6 14. Nf3 Rfe8 15. Re1 Rac8 16. Ne2 Na5 17. Nf4 c5 18. Nxe6 Rxe6 19. Rxe6 Qxe6 20. c3 b6 21. Qe1 Re8 22. Qxe6 Rxe6 23. Re1 Kf8 24. dxc5 bxc5 25. Bh3 Rxe1+ 26. Nxe1 d4 27. b4 cxb4 28. cxb4 Nc4 29. Bf1 Nb6 30. Bd3 Ke7 31. f4 Kd6 32. Kf2 Kd5 33. Kf3 Be7 34. a3 Na4 35. Bxh7 g6 36. f5 g5 37. Bg8 Ke5 38. Bxf7 Kxf5 39. Nd3 Bf6 40. g4# {[%emt 0:00:37] normal} 1-0

[Event "DVM U10 2019"]
[Site "Magedburg"]
[Date "2019.12.28"]
[Round "4"]
[White "Bartels, Jona Henrik"]
[Black "Gärtner, Alessandro"]
[Result "0-1"]
[ECO "B13"]
[WhiteElo "1211"]
[BlackElo "1251"]
[Annotator "NA"]
[PlyCount "70"]
[EventDate "2019.12.27"]
[EventType "team-tourn"]
[EventRounds "7"]
[EventCountry "GER"]
[SourceTitle "playchess.com"]
[Source "ChessBase"]
[SourceQuality "1"]
[TimeControl "3300+5"]

1. e4 c6 2. d4 d5 3. exd5 cxd5 4. Bd3 Nf6 5. h3 Nc6 6. Nf3 e6 7. Bf4 Bd6 8. Qd2 O-O 9. Nc3 a6 10. O-O Re8 11. Rfe1 h6 12. a3 Qc7 13. Ne2 Bd7 14. Bxh6 gxh6 15. Qxh6 Ne4 16. Bxe4 dxe4 17. Ng5 Bc8 18. Nc3 f5 19. f3 Qg7 20. Qxg7+ Kxg7 21. d5 Nd4 22. Rac1 exf3 23. Nxf3 Nxf3+ 24. gxf3 Bg3 25. Re2 e5 26. Kg2 Bh4 27. f4 e4 28. Rd1 Rg8 29. Kh2 Bd7 30. d6 Kf7 31. Re3 Bf2 32. Re2 e3 33. Nd5 Rae8 34. c4 Rg3 35. Rd3 Rh8 {[%emt 0:00:12] normal} 0-1

[Event "DVM U10 2019"]
[Site "Magedburg"]
[Date "2019.12.28"]
[Round "4"]
[White "Ebers, Frederik"]
[Black "Braun, Julian"]
[Result "0-1"]
[ECO "D02"]
[WhiteElo "1125"]
[BlackElo "1441"]
[Annotator "NA"]
[PlyCount "58"]
[EventDate "2019.12.27"]
[EventType "team-tourn"]
[EventRounds "7"]
[EventCountry "GER"]
[SourceTitle "playchess.com"]
[Source "ChessBase"]
[SourceQuality "1"]
[TimeControl "3300+5"]

1. d4 d5 2. Nf3 Nf6 3. Bf4 a6 4. e3 Bf5 5. Bd3 Bxd3 6. Qxd3 e6 7. Nbd2 Nbd7 8. c3 Be7 9. Qc2 O-O 10. O-O-O b5 11. h4 a5 12. Bg5 a4 13. Bxf6 Bxf6 14. Ng5 g6 15. f4 h6 16. Ngf3 h5 17. Ne5 Nxe5 18. dxe5 Bxh4 19. Nf3 Be7 20. Rdg1 a3 21. Kd2 b4 22. Ng5 bxc3+ 23. bxc3 Rb8 24. Rb1 Bxg5 25. fxg5 Qxg5 26. Rb3 Rxb3 27. Qxb3 Qxg2+ 28. Kd3 Qxh1 29. Qxa3 Qd1# {[%emt 0:00:23] normal} 0-1

[Event "DVM U10 2019"]
[Site "Magedburg"]
[Date "2019.12.28"]
[Round "4"]
[White "Schott, Moritz"]
[Black "Schmidt, Anton"]
[Result "0-1"]
[ECO "C47"]
[WhiteElo "1090"]
[BlackElo "1090"]
[Annotator "NA"]
[PlyCount "142"]
[EventDate "2019.12.27"]
[EventType "team-tourn"]
[EventRounds "7"]
[EventCountry "GER"]
[SourceTitle "playchess.com"]
[Source "ChessBase"]
[SourceQuality "1"]
[TimeControl "3300+5"]

1. e4 e5 2. Nf3 Nc6 3. Nc3 Nf6 4. d4 d6 5. dxe5 dxe5 6. Qxd8+ Kxd8 7. Bg5 Be7 8. O-O-O+ Ke8 9. Bb5 Bd7 10. Bxc6 Bxc6 11. Nxe5 Bxe4 12. Rhe1 Bxg2 13. Ng4 Kf8 14. Rg1 Nxg4 15. Bxe7+ Kxe7 16. Rxg2 Nf6 17. Rxg7 h5 18. Rgg1 Ng4 19. Rge1+ Kf8 20. Rd2 Nxh2 21. Rd3 Ng4 22. Ne4 Re8 23. f3 Ne5 24. Rde3 Re7 25. Nc5 Nc6 26. Rxe7 Nxe7 27. Nd7+ Ke8 28. Nf6+ Kd8 29. Rd1+ Kc8 30. Rd7 Rh6 31. Rxe7 Rxf6 32. Re3 Rf4 33. Rd3 h4 34. Re3 h3 35. Re8+ Kd7 36. Rh8 Rxf3 37. Kd2 Rg3 38. Ke2 Rg2+ 39. Kf1 Rxc2 40. Rxh3 Rxb2 41. a3 Rb1+ 42. Ke2 Rb2+ 43. Kd1 Rb6 44. Kc2 Rc6+ 45. Kb3 Rb6+ 46. Kc4 Rc6+ 47. Kb3 f5 48. Rd3+ Rd6 49. Rf3 Rf6 50. Rd3+ Kc8 51. Kc3 b6 52. Kd4 Rd6+ 53. Kc3 Rxd3+ 54. Kxd3 Kd7 55. Kd4 Kd6 56. Ke3 Ke5 57. a4 c5 58. Kd3 f4 59. Ke2 Ke4 60. Kf2 c4 61. Ke2 f3+ 62. Kf2 c3 63. a5 bxa5 64. Ke1 Ke3 65. Kd1 f2 66. Kc2 f1=Q 67. Kb3 Qb1+ 68. Kxc3 Qd3+ 69. Kb2 Kd2 70. Ka2 Kc2 71. Ka1 Qa3# {normal} 0-1

[Event "DVM U10 2019"]
[Site "Magedburg"]
[Date "2019.12.28"]
[Round "4"]
[White "Dell, Philip"]
[Black "Ruddat, Jarne"]
[Result "0-1"]
[ECO "B34"]
[WhiteElo "860"]
[BlackElo "1458"]
[Annotator "NA"]
[PlyCount "104"]
[EventDate "2019.12.27"]
[EventType "team-tourn"]
[EventRounds "7"]
[EventCountry "GER"]
[SourceTitle "playchess.com"]
[Source "ChessBase"]
[SourceQuality "1"]
[TimeControl "3300+5"]

1. e4 c5 2. Nf3 g6 3. d4 cxd4 4. Nxd4 Nc6 5. Nc3 Bg7 6. Be3 Nf6 7. Nxc6 bxc6 8. e5 Ng8 9. f4 d6 10. exd6 Qxd6 11. Be2 Nf6 12. Bf3 Qxd1+ 13. Rxd1 Bd7 14. Nb5 Rc8 15. Nxa7 Rc7 16. O-O c5 17. Rxd7 Nxd7 18. Nb5 Rc8 19. Re1 O-O 20. Rd1 Nf6 21. Na7 Rcd8 22. Rxd8 Rxd8 23. Nc6 Rd7 24. Bxc5 Bf8 25. a4 Nd5 26. Bxd5 Rxd5 27. Bxe7 Rd1+ 28. Kf2 Bxe7 29. Nxe7+ Kf8 30. Nc6 Ra1 31. a5 Ke8 32. b4 Ra2 33. b5 Rxc2+ 34. Kg3 Kd7 35. a6 Kc7 36. a7 Kb7 37. Nd4 Rc3+ 38. Kg4 Kxa7 39. Nc6+ Kb6 40. Nd8 Rc2 41. Kh3 f6 42. Nc6 Rc3+ 43. g3 Kxb5 44. Nd4+ Kc5 45. Ne6+ Kd5 46. Nf8 Rc7 47. Kg4 Rf7 48. Nxg6 hxg6 49. h4 Ke6 50. h5 gxh5+ 51. Kxh5 Kf5 52. Kh6 Ra7 {normal} 0-1

[Event "DVM U10 2019"]
[Site "Magedburg"]
[Date "2019.12.29"]
[Round "6"]
[White "Ermitsch, Magnus"]
[Black "Goldmann, David"]
[Result "1-0"]
[ECO "B83"]
[WhiteElo "1887"]
[BlackElo "1594"]
[Annotator "NA"]
[PlyCount "45"]
[EventDate "2019.12.27"]
[EventType "team-tourn"]
[EventRounds "7"]
[EventCountry "GER"]
[SourceTitle "playchess.com"]
[Source "ChessBase"]
[SourceQuality "1"]
[TimeControl "3300+5"]

1. e4 c5 2. Nf3 e6 3. d4 cxd4 4. Nxd4 Nc6 5. Nc3 d6 {[%emt 0:00:03] unterminated} 6. Be3 Nf6 {[%emt 0:00:07] unterminated} 7. Be2 Be7 8. O-O {[%emt 0:00:51] unterminated} O-O 9. f4 Nxd4 {[%emt 0:00:16] unterminated} 10. Bxd4 a6 11. Bf3 {[%emt 0:00:48] unterminated} Nd7 {[%emt 0:01:13] unterminated} 12. Qe1 {[%emt 0:06:01] unterminated} Qc7 {[%emt 0:01:27] unterminated} 13. Qg3 {[%emt 0:01:44] unterminated} f6 {[%emt 0:00:42] unterminated} (13... Bf6 $11 {keeps the balance.} 14. Bxf6 Nxf6) 14. Be3 {[%emt 0:03:24] unterminated} (14. Bg4 $16) 14... Kh8 {[%emt 0:03:02] unterminated} 15. Rad1 {[%emt 0:02:31] unterminated} Nb6 {[%emt 0:01:28] unterminated} 16. Qh3 {[%emt 0:08:11] unterminated} (16. Be2 $14) 16... Nc4 $15 17. Bc1 Nxb2 18. Bxb2 Qb6+ 19. Kh1 Qxb2 20. Bh5 Kg8 21. f5 exf5 22. exf5 Qxc2 23. Nd5 {[%emt 0:03:44] normal} 1-0

[Event "DVM U10 2019"]
[Site "Magedburg"]
[Date "2019.12.29"]
[Round "6"]
[White "Haubold, Christian Lucas"]
[Black "Stettner, Oskar"]
[Result "1-0"]
[ECO "C50"]
[WhiteElo "1471"]
[BlackElo "1211"]
[Annotator "NA"]
[PlyCount "39"]
[EventDate "2019.12.27"]
[EventType "team-tourn"]
[EventRounds "7"]
[EventCountry "GER"]
[SourceTitle "playchess.com"]
[Source "ChessBase"]
[SourceQuality "1"]
[TimeControl "3300+5"]

1. e4 e5 2. Nf3 Nc6 3. Bc4 Bc5 4. O-O Nf6 5. d3 d6 6. c3 Bg4 7. h3 Bh5 8. Bg5 Qe7 9. Nbd2 O-O-O 10. b4 Bb6 11. a4 a6 12. a5 Ba7 13. b5 axb5 14. Bxb5 Nb8 15. a6 Nxa6 16. Bxa6 bxa6 17. Rxa6 Bb6 18. Qa4 Kb7 19. Ra1 Qe8 20. Qb4 {[%emt 0:06:07] normal} 1-0

[Event "DVM U10 2019"]
[Site "Magedburg"]
[Date "2019.12.29"]
[Round "6"]
[White "Zobel, Christian"]
[Black "Wartenberg, Alissa"]
[Result "0-1"]
[ECO "C45"]
[WhiteElo "1450"]
[BlackElo "1361"]
[Annotator "NA"]
[PlyCount "45"]
[EventDate "2019.12.27"]
[EventType "team-tourn"]
[EventRounds "7"]
[EventCountry "GER"]
[SourceTitle "playchess.com"]
[Source "ChessBase"]
[SourceQuality "1"]
[TimeControl "3300+5"]

1. e4 e5 2. Nf3 Nc6 3. d4 exd4 4. Nxd4 Bc5 5. Be3 Qf6 6. c3 Nge7 7. Be2 d6 8. O-O a6 9. Nxc6 Nxc6 10. Bxc5 dxc5 11. Nd2 O-O 12. Nb3 Qe7 13. Qc2 Re8 14. Rfe1 Qxe4 15. Bd3 Qxe1+ 16. Rxe1 Rxe1+ 17. Bf1 b6 18. f3 Bb7 19. Kf2 Rae8 20. Nc1 g6 21. Be2 Rh1 22. h3 Re6 23. Bf1 {[%emt 0:11:04] normal} 0-1

[Event "DVM U10 2019"]
[Site "Magedburg"]
[Date "2019.12.29"]
[Round "6"]
[White "Dorendorf, Mika"]
[Black "Ruddat, Jarne"]
[Result "1/2-1/2"]
[ECO "A48"]
[WhiteElo "1424"]
[BlackElo "1458"]
[Annotator "NA"]
[PlyCount "93"]
[EventDate "2019.12.27"]
[EventType "team-tourn"]
[EventRounds "7"]
[EventCountry "GER"]
[SourceTitle "playchess.com"]
[Source "ChessBase"]
[SourceQuality "1"]
[TimeControl "3300+5"]

1. Nf3 Nf6 2. d4 g6 3. c4 Bg7 4. Nc3 O-O 5. e3 d6 6. Be2 Re8 7. O-O Nbd7 8. e4 e5 9. d5 Nc5 10. Bg5 h6 11. Bxf6 Bxf6 12. Qc2 Bg4 13. Na4 b6 14. Nxc5 bxc5 15. a3 a5 16. Qd2 Bxf3 17. Bxf3 Bg7 18. Rfb1 Qb8 19. h3 Qb3 20. Be2 Kh7 21. Qd3 Reb8 22. Qxb3 Rxb3 23. Ra2 Bf6 24. a4 Rab8 25. Bd1 R3b4 26. b3 Rxc4 27. Bc2 Rcb4 28. Rab2 c4 29. Kf1 Bg5 30. Ke2 Kg7 31. g3 h5 32. h4 Bh6 33. f3 c3 34. Ra2 Bd2 35. Raa1 R8b6 36. Bd1 c6 37. dxc6 Rxc6 38. Bc2 Kf6 39. Kf2 g5 40. hxg5+ Kxg5 41. Ke2 Rc8 42. Rd1 Rh8 43. Rg1 Kf6 44. Rh1 Ke6 45. Rh2 Kf6 46. Rah1 Kg5 47. Rg2 {[%emt 0:00:14] normal} 1/2-1/2

[Event "DVM U10 2019"]
[Site "Magedburg"]
[Date "2019.12.29"]
[Round "6"]
[White "Lu, Yunong Elias"]
[Black "Torosyan, Bagrat"]
[Result "0-1"]
[ECO "B92"]
[WhiteElo "1397"]
[BlackElo "1613"]
[Annotator "NA"]
[PlyCount "89"]
[EventDate "2019.12.27"]
[EventType "team-tourn"]
[EventRounds "7"]
[EventCountry "GER"]
[SourceTitle "playchess.com"]
[Source "ChessBase"]
[SourceQuality "1"]
[TimeControl "3300+5"]

1. e4 c5 2. Nf3 d6 3. d4 cxd4 4. Nxd4 Nf6 5. Nc3 a6 6. Be2 e5 7. Nb3 Be6 8. Be3 b5 9. Bd3 Be7 10. O-O O-O 11. Re1 Ng4 12. Bd2 Qb6 13. Rf1 Bh4 14. Be1 Be7 15. Bd2 b4 16. Ne2 a5 17. h3 Nf6 18. Be3 Qb7 19. Ng3 a4 20. Nd2 Rc8 21. Nf3 Nbd7 22. Qe2 Nc5 23. Bd2 b3 24. axb3 Nxd3 25. Qxd3 axb3 26. cxb3 Rxa1 27. Rxa1 Bxb3 28. Rc1 Be6 29. Ng5 Rxc1+ 30. Bxc1 Qc6 31. Be3 Qc4 32. Qxc4 Bxc4 33. Nf3 g6 34. Nd2 Bb5 35. f3 d5 36. exd5 Nxd5 37. Ba7 f5 38. Bb8 Bc5+ 39. Kh2 Bd4 40. b3 Ne3 41. f4 e4 42. Bd6 Kf7 43. Bb4 Ke6 44. Nb1 Nd5 45. Be1 {[%emt 0:00:33] normal} 0-1

[Event "DVM U10 2019"]
[Site "Magedburg"]
[Date "2019.12.29"]
[Round "6"]
[White "Schlange, Jonathan"]
[Black "Sauer, Tim"]
[Result "0-1"]
[ECO "B13"]
[WhiteElo "1319"]
[BlackElo "1691"]
[Annotator "NA"]
[PlyCount "64"]
[EventDate "2019.12.27"]
[EventType "team-tourn"]
[EventRounds "7"]
[EventCountry "GER"]
[SourceTitle "playchess.com"]
[Source "ChessBase"]
[SourceQuality "1"]
[TimeControl "3300+5"]

1. e4 c6 2. d4 d5 3. exd5 cxd5 4. Bd3 Nc6 5. c3 Nf6 6. h3 g6 7. Bf4 Bf5 8. Bxf5 gxf5 9. Nf3 e6 10. O-O Bd6 11. Bg5 Be7 12. Nbd2 Ne4 13. Nxe4 fxe4 14. Bxe7 Qxe7 15. Ne5 Rg8 16. Qh5 Nxe5 17. Qxe5 Qg5 18. Qxg5 Rxg5 19. Kh2 Ke7 20. f3 Rag8 21. g4 exf3 22. Rxf3 h5 23. Raf1 R8g7 24. gxh5 Rg2+ 25. Kh1 Rxb2 26. R3f2 Rb6 27. Kh2 Ra6 28. Rg1 Rh7 29. Rg5 Ra3 30. Rc2 Kf6 31. h4 b5 32. Kg3 b4 {[%emt 0:00:33] normal} 0-1

[Event "DVM U10 2019"]
[Site "Magedburg"]
[Date "2019.12.29"]
[Round "6"]
[White "Lorenz, Veronika"]
[Black "Haubold, Sebastian Marcel"]
[Result "0-1"]
[ECO "C72"]
[WhiteElo "1273"]
[BlackElo "1613"]
[Annotator "NA"]
[PlyCount "36"]
[EventDate "2019.12.27"]
[EventType "team-tourn"]
[EventRounds "7"]
[EventCountry "GER"]
[SourceTitle "playchess.com"]
[Source "ChessBase"]
[SourceQuality "1"]
[TimeControl "3300+5"]

1. e4 e5 2. Nf3 Nc6 3. Bb5 a6 4. Ba4 d6 5. O-O Bd7 6. c3 Nf6 7. Re1 b5 8. Bc2 Be7 9. h3 O-O 10. d4 exd4 11. cxd4 Nb4 12. Bb3 c5 13. a3 Nc6 14. Bf4 c4 15. Bc2 a5 16. Qd2 Qb6 17. Nc3 b4 18. Nd5 Qd8 {[%emt 0:08:30] normal} 0-1

[Event "DVM U10 2019"]
[Site "Magedburg"]
[Date "2019.12.29"]
[Round "6"]
[White "Gärtner, Alessandro"]
[Black "Conrad, Marius"]
[Result "0-1"]
[ECO "D40"]
[WhiteElo "1251"]
[BlackElo "1411"]
[Annotator "NA"]
[PlyCount "42"]
[EventDate "2019.12.27"]
[EventType "team-tourn"]
[EventRounds "7"]
[EventCountry "GER"]
[SourceTitle "playchess.com"]
[Source "ChessBase"]
[SourceQuality "1"]
[TimeControl "3300+5"]

1. d4 d5 2. c4 e6 3. Nc3 Nf6 4. Nf3 c5 5. e3 Nc6 6. Be2 Be7 7. O-O O-O 8. b3 b6 9. Bb2 Bb7 10. Re1 Re8 11. a3 a6 12. Qc2 dxc4 13. bxc4 cxd4 14. Rad1 Bc5 15. Na4 e5 16. exd4 exd4 17. Qb1 Qd6 18. Qa1 Rad8 19. Nxc5 bxc5 20. Qb1 Ne5 21. Nxe5 Qxe5 {[%emt 0:00:27] normal} 0-1

[Event "DVM U10 2019"]
[Site "Magedburg"]
[Date "2019.12.29"]
[Round "6"]
[White "Meusel, Theodor"]
[Black "Goldschmidt, Jakob"]
[Result "1-0"]
[ECO "C54"]
[WhiteElo "1223"]
[BlackElo "1132"]
[Annotator "NA RC"]
[PlyCount "45"]
[EventDate "2019.12.27"]
[EventType "team-tourn"]
[EventRounds "7"]
[EventCountry "GER"]
[SourceTitle "playchess.com"]
[Source "ChessBase"]
[SourceQuality "1"]
[TimeControl "3300+5"]

1. e4 e5 2. Nf3 Nc6 3. Bc4 Bc5 4. c3 Nf6 5. d4 exd4 6. cxd4 Bb6 7. Nc3 O-O 8. O-O d6 9. Bg5 h6 10. Bh4 Be6 11. d5 Bxd5 12. Bxd5 Qe7 13. Re1 Rfe8 14. Qa4 Qd7 15. Bxf6 gxf6 16. Nd2 Kh8 17. e5 fxe5 18. Qh4 Kh7 19. Nde4 Rg8 20. Nf6+ Kg7 21. Nxd7 Kh7 22. Be4+ Kg7 23. Qf6# {[%emt 0:00:11] normal} 1-0

[Event "DVM U10 2019"]
[Site "Magedburg"]
[Date "2019.12.29"]
[Round "6"]
[White "Nönnig, Jakob"]
[Black "Bangiev, Katharina"]
[Result "0-1"]
[ECO "B08"]
[WhiteElo "1153"]
[BlackElo "1239"]
[Annotator "NA"]
[PlyCount "72"]
[EventDate "2019.12.27"]
[EventType "team-tourn"]
[EventRounds "7"]
[EventCountry "GER"]
[SourceTitle "playchess.com"]
[Source "ChessBase"]
[SourceQuality "1"]
[TimeControl "3300+5"]

1. e4 d6 2. Nf3 g6 3. d4 Bg7 4. Nc3 Nf6 5. Bc4 O-O 6. Bf4 Nc6 7. O-O Bg4 8. d5 Bxf3 9. Qxf3 Nd4 10. Qd3 e5 11. dxe6 Nxe6 12. Bg3 Nc5 13. Qe3 Re8 14. Bh4 Qd7 15. Bxf6 Bxf6 16. f3 Ne6 17. Bxe6 fxe6 18. Rad1 c6 19. e5 Bd8 20. Rxd6 Qxd6 21. exd6 Bb6 22. Qxb6 axb6 23. Rd1 Red8 24. d7 Kf7 25. Ne4 Ke7 26. a3 h6 27. Re1 Rxd7 28. Ng3 Rad8 29. Ne4 Rd1 30. Kf2 Rxe1 31. Kxe1 Rd5 32. c4 Rd4 33. b3 Rd3 34. Nd2 Kd6 35. Ke2 Rd4 36. Ne4+ Ke5 {[%emt 0:00:33] normal} 0-1